 Dungeon Crawl Stone Soup version 0.29.0-4-gdea44cf6ec (webtiles) character file.

Game seed: 11380307840344521646

20939 qw the Warrior (level 12, -1/121 HPs)
             Began as a Minotaur Berserker on Sept 7, 2022.
             Was a Priest of Trog.
             Slain by a seven-headed hydra (4 damage)
             ... on level 5 of the Lair of Beasts.
             The game lasted 00:03:51 (13986 turns).

qw the Warrior (Minotaur Berserker)                Turns: 13986, Time: 00:03:51

Health: -1/121     AC: 20    Str: 34    XL:     12   Next: 49%
Magic:  11/11      EV: 15    Int:  4    God:    Trog [***...]
Gold:   419        SH:  5    Dex: 11    Spells: 11/11 levels left

rFire   . . .      SeeInvis .   m - +0 morningstar (venom)
rCold   . . .      Faith    .   (no shield)
rNeg    . . .      Spirit   .   s - +0 plate armour
rPois   .          Reflect  +   (helmet restricted)
rElec   .          Harm     .   (no cloak)
rCorr   .          Rampage  .   l - +0 pair of gloves of the Date {Str+2 Stlth+}
Will    .....                   f - +1 pair of boots
Stlth   ..........              k - amulet of reflection
HPRegen 0.30/turn               d - +4 ring of evasion
MPRegen 0.12/turn               q - +6 ring of strength

@: about to teleport, on berserk cooldown, slowed, very slow
A: horns 2, retaliatory headbutt
a: Renounce Religion, Berserk, Trog's Hand


You were on level 5 of the Lair of Beasts.
You worshipped Trog.
Trog was most pleased with you.
You visited 2 branches of the dungeon, and saw 12 of its levels.

You collected 552 gold pieces.
You spent 133 gold pieces at shops.


Innate Abilities, Weirdness & Mutations

You have a pair of horns on your head.
You reflexively headbutt those who attack you in melee.


   Skills:
 + Level 15.3 Fighting
 - Level 14.0 Axes
 - Level 13.1 Armour
 - Level 7.0 Dodging


You had 11 spell levels left.
You didn't know any spells.
Your spell library was empty.

Inventory:

Hand Weapons
 m - a +0 morningstar of venom (weapon)
 p - the +10 whip "Sot Mecs" {spect, +Blink rF+++ rN+ Str-2}
   (You found it on level 1 of the Lair of Beasts)

   When its wielder attacks, the weapon's spirit leaps out and strikes again.
   The spirit shares a part of any damage it takes with its wielder.
   Str:       It affects your strength (-2).
   rF:        It renders you almost immune to fire.
   rN:        It protects you from negative energy.
   +Blink:    It lets you blink.
 Y - a +3 hand axe of electrocution
Armour
 f - a +1 pair of boots (worn)
 l - the +0 pair of gloves of the Date (worn) {Str+2 Stlth+}
   (You found it on level 3 of the Dungeon)

   Str:       It affects your strength (+2).
   Stlth:     It makes you more stealthy.
 s - a +0 plate armour (worn)
Jewellery
 c - a ring of protection from fire
 d - a +4 ring of evasion (left hand)
 k - an amulet of reflection (around neck)
 q - a +6 ring of strength (right hand)
Scrolls
 b - 4 scrolls of identify
 j - 9 scrolls of teleportation
Potions
 e - 5 potions of heal wounds
 h - 3 potions of curing
 i - a potion of cancellation
 n - 3 potions of might

Dungeon Overview and Level Annotations

Branches:
Dungeon (8/15)             Temple (0/1) D:5            Lair (3/5) D:8
  Swamp (0/4) Lair:2       Spider (0/4) Lair:3

Altars:
Kikubaaqudgha
Makhleb
Vehumet

Shops:
D:5 (

Portals:
Volcano: Lair:5

Annotations:
D:6 2 transporters


Message History

The seven-headed hydra bites you.
The seven-headed hydra completely misses you.
The seven-headed hydra bites you.
The seven-headed hydra closely misses you.
The seven-headed hydra misses you. The seven-headed hydra bites you. x2
The seven-headed hydra bites you but does no damage.
The seven-headed hydra bites you. The seven-headed hydra bites you!
The seven-headed hydra bites you but does no damage. x2
You hit the seven-headed hydra. You headbutt the seven-headed hydra!
The seven-headed hydra is moderately wounded.
The elephant misses you. The elephant barely misses you.
The seven-headed hydra misses you. The seven-headed hydra bites you.
The seven-headed hydra bites you but does no damage. x2
The seven-headed hydra barely misses you.
The seven-headed hydra bites you!
The seven-headed hydra bites you but does no damage.
The elephant barely misses you.
The elephant trunk-slaps you but does no damage.
You hit the seven-headed hydra. You headbutt the seven-headed hydra!
The seven-headed hydra is moderately wounded.
The sound of falling rocks suddenly begins to subside.
The seven-headed hydra bites you but does no damage.
The seven-headed hydra bites you!
The seven-headed hydra completely misses you.
The seven-headed hydra misses you.
The seven-headed hydra bites you but does no damage.
The seven-headed hydra barely misses you.
The seven-headed hydra bites you. The elephant tramples you!
You stumble backwards!
13986 ||| READING 10 scrolls of teleportation.
As you read the scroll of teleportation, it crumbles to dust.
You feel strangely unstable. The elephant tramples you.
You hold your ground!
The elephant trunk-slaps you but does no damage.
The seven-headed hydra bites you. The seven-headed hydra bites you!
The seven-headed hydra barely misses you.
The seven-headed hydra completely misses you.
The seven-headed hydra bites you but does no damage.
The seven-headed hydra bites you.
You die...

##..........##
#...........P#####
###................#
....................
.%................#
..##............#.#
.###P...........#.#
## ##.#P.....=.Y.##
.# ####P###.#%D@.#
.# #####.%.Y.## ##
#P..%### # ##....# #
##.#.D# ####Y.Y


.YYY. PYk<.F. ....Y.. You could see a seven-headed hydra, an elephant and a yak.

Vanquished Creatures
  A boulder beetle (Lair:5)
  3 hydras
  A two-headed ogre (D:8)
  2 death yaks (Lair:1)
  3 bog bodies (Lair:2)
  A cyclops (D:7)
  5 elephants (Lair:5)
  4 black mambas
  3 cane toads
  A torpor snail (Lair:1)
  5 komodo dragons
  A rime drake (Lair:5)
  A troll (D:7)
  15 blink frogs
  A wyvern (Lair:1)
  10 yaks
  A basilisk (D:7)
  A redback (Lair:3)
  2 steam dragons
  2 swamp worms (Lair:2)
  11 water moccasins
  3 ice beasts
  2 black bears
  A sky beast (D:7)
  2 centaurs (D:7)
  4 wolves (Lair:2)
  A kobold brigand (D:7)
  8 bullfrogs
  4 necrophages
  2 scorpions
  An electric eel (Lair:2)
  A jelly (D:8)
  3 hounds
  4 gnoll boudas
  Jessica (D:2)
  5 iguanas
  3 orc wizards
  13 gnolls
  5 adders
  2 shadow imps (D:6)
  2 ufetubi
  2 worms
  2 dart slugs
  8 orcs
  6 ball pythons
  7 endoplasms
  4 giant cockroaches
  5 goblins
  5 hobgoblins
  6 jackals
  2 quokkas
  11 bats
  4 frilled lizards
  11 kobolds
  5 rats
219 creatures vanquished.

Vanquished Creatures (others)
  A bush (Lair:5)
  6 fungi
  11 plants
18 creatures vanquished.

Grand Total: 237 creatures vanquished

Notes
Turn   | Place    | Note
-------+----------+-------------------------------------------
     0 | D:1      | qw the Minotaur Berserker began the quest for the Orb.
     0 | D:1      | Reached XP level 1. HP: 19/19 MP: 0/0
     0 | D:1      | 0 ||| qw: Version: 0.1-a-108-g9e35731
     0 | D:1      | 0 ||| qw: Game counter: 6543
     0 | D:1      | 0 ||| qw: Always use a shield: true
     0 | D:1      | 0 ||| qw: Do Orc after D:15 true
     0 | D:1      | 0 ||| qw: Do second Lair branch before Depths: true
     0 | D:1      | 0 ||| qw: Lair rune preference: random
     0 | D:1      | 0 ||| qw: Plans: Normal
     0 | D:1      | 0 ||| PLANNING D:1-11
   156 | D:1      | 156 ||| Stepping ~*~*~tactically~*~*~ (hiding).
   167 | D:1      | Reached XP level 2. HP: 23/26 MP: 1/1
   339 | D:1      | 339 ||| Stepping ~*~*~tactically~*~*~ (stealth).
   554 | D:1      | 554 ||| SWAPPING to +0 hand axe of electrocution.
   555 | D:1      | 555 ||| DROPPING +0 hand axe.
   876 | D:1      | 876 ||| Stepping ~*~*~tactically~*~*~ (stealth).
   877 | D:1      | Found a faded altar of an unknown god.
  1003 | D:1      | 1003 ||| UPGRADING to +0 scale mail.
  1013 | D:1      | 1013 ||| DROPPING +0 animal skin.
  1014 | D:1      | 1014 ||| UPGRADING to +0 pair of boots.
  1019 | D:1      | 1019 ||| UPGRADING to +4 ring of evasion.
  1053 | D:2      | 1053 ||| Stepping ~*~*~tactically~*~*~ (stealth).
  1072 | D:2      | Reached XP level 3. HP: 30/31 MP: 2/2
  1086 | D:2      | Reached ** piety under Trog
  1107 | D:2      | 1107 ||| INVOKING Berserk.
  1391 | D:2      | Noticed Jessica
  1396 | D:2      | Killed Jessica
  1397 | D:2      | Reached skill level 6 in Axes
  1397 | D:2      | Reached XP level 4. HP: 39/39 MP: 3/3
  1716 | D:2      | 1716 ||| Stepping ~*~*~tactically~*~*~ (hiding).
  1719 | D:2      | 1719 ||| Stepping ~*~*~tactically~*~*~ (hiding).
  1944 | D:2      | 1944 ||| READING scroll labelled QEATZIWOIS.
  1945 | D:2      | 1945 ||| READING scroll labelled UFEDYG PIZE.
  1950 | D:2      | 1950 ||| READING scroll labelled MEUSIPPOPH.
  1951 | D:2      | 1951 ||| READING scroll labelled RIZACKEVEUR.
  1952 | D:2      | 1952 ||| READING scroll labelled KOWKUY CALL.
  1953 | D:2      | 1953 ||| DRINKING 2 amethyst potions.
  2224 | D:3      | Identified the +0 pair of gloves of the Date {Str+2 Stlth+}
  2872 | D:3      | 2872 ||| UPGRADING to +0 pair of gloves of the Date {Str+2
                  | Stlth+}.
  2877 | D:3      | 2877 ||| READING scroll labelled LELOHE DOAS.
  2878 | D:3      | 2878 ||| READING scroll labelled POEHIF YCEF ULER.
  2879 | D:3      | 2879 ||| DRINKING 2 metallic black potions.
  2899 | D:3      | 2899 ||| READING 2 scrolls of identify.
  2899 | D:3      | 2899 ||| IDENTIFYING bubbling amethyst potion
  2900 | D:3      | 2900 ||| DROPPING potion of lignification.
  2901 | D:3      | 2901 ||| DROPPING potion of brilliance.
  2958 | D:4      | 2958 ||| INVOKING Berserk.
  2997 | D:4      | Noticed a scorpion
  2998 | D:4      | 2998 ||| Stepping ~*~*~tactically~*~*~ (stealth).
  3000 | D:4      | 3000 ||| Stepping ~*~*~tactically~*~*~ (stealth).
  3011 | D:4      | 3011 ||| INVOKING Berserk.
  3012 | D:4      | Killed a scorpion
  3013 | D:4      | Reached XP level 5. HP: 32/45 MP: 4/4
  3399 | D:4      | Reached skill level 4 in Fighting
  3684 | D:4      | Noticed an ice beast
  3687 | D:4      | 3687 ||| INVOKING Berserk.
  3689 | D:4      | Killed an ice beast
  3690 | D:4      | Reached XP level 6. HP: 52/52 MP: 5/5
  3702 | D:4      | 3702 ||| Stepping ~*~*~tactically~*~*~ (stealth).
  3705 | D:4      | 3705 ||| Stepping ~*~*~tactically~*~*~ (stealth).
  3721 | D:4      | 3721 ||| FLEEEEING.
  4071 | D:4      | 4071 ||| READING scroll labelled YHIUNG TEODGHAU.
  4096 | D:5      | Entered Level 5 of the Dungeon
  4096 | D:5      | Noticed a water moccasin
  4100 | D:5      | 4100 ||| STAIRDANCE
  4103 | D:4      | Reached skill level 9 in Axes
  4114 | D:5      | Killed a water moccasin
  4115 | D:5      | Reached skill level 5 in Fighting
  4115 | D:5      | Reached XP level 7. HP: 47/61 MP: 6/6
  4115 | D:5      | 4115 ||| STAIRDANCE
  4170 | D:4      | 4170 ||| Stepping ~*~*~tactically~*~*~ (stealth).
  4172 | D:4      | 4172 ||| Stepping ~*~*~tactically~*~*~ (stealth).
  4257 | D:5      | Found a staircase to the Ecumenical Temple.
  4258 | D:5      | 4258 ||| INVOKING Berserk.
  4374 | D:5      | 4374 ||| INVOKING Berserk.
  4492 | D:5      | 4492 ||| Stepping ~*~*~tactically~*~*~ (stealth).
  4505 | D:5      | 4505 ||| Stepping ~*~*~tactically~*~*~ (stealth).
  4506 | D:5      | 4506 ||| Stepping ~*~*~tactically~*~*~ (stealth).
  4513 | D:5      | 4513 ||| Stepping ~*~*~tactically~*~*~ (stealth).
  4514 | D:5      | 4514 ||| Stepping ~*~*~tactically~*~*~ (stealth).
  4619 | D:5      | 4619 ||| Stepping ~*~*~tactically~*~*~ (stealth).
  4736 | D:5      | Found Edeareba's Antique Weapon Boutique.
  4744 | D:5      | 4744 ||| BUYING runed morningstar (133 gold).
  4744 | D:5      | Bought a runed morningstar for 133 gold pieces
  4744 | D:5      | 4744 ||| DROPPING +0 club.
  4748 | D:5      | 4748 ||| Stepping ~*~*~tactically~*~*~ (stealth).
  4762 | D:5      | Reached skill level 3 in Armour
  4950 | D:5      | 4950 ||| UPGRADING to +0 chain mail.
  4960 | D:5      | 4960 ||| DROPPING +0 scale mail.
  4961 | D:5      | 4961 ||| UPGRADING to amulet of reflection.
  4966 | D:5      | 4966 ||| DRINKING 2 metallic cyan potions.
  4967 | D:5      | 4967 ||| DROPPING potion of invisibility.
  4982 | D:6      | Noticed a wraith
  5033 | D:6      | 5033 ||| READING 3 scrolls of teleportation.
  5035 | D:6      | 5035 ||| FLEEEEING.
  5043 | D:6      | 5043 ||| INVOKING Berserk.
  5223 | D:6      | Reached skill level 6 in Fighting
  5241 | D:6      | Noticed a steam dragon
  5244 | D:6      | 5244 ||| INVOKING Berserk.
  5247 | D:6      | Killed a steam dragon
  5248 | D:6      | Reached XP level 8. HP: 70/70 MP: 7/7
  5580 | D:6      | 5580 ||| INVOKING Berserk.
  5799 | D:6      | 5799 ||| Stepping ~*~*~tactically~*~*~ (stealth).
  5835 | D:6      | 5835 ||| INVOKING Berserk.
  5953 | D:6      | Found a radiant altar of Vehumet.
  5954 | D:6      | Found an ancient bone altar of Kikubaaqudgha.
  5955 | D:6      | Noticed a cyclops
  5966 | D:6      | Found a transporter.
  5984 | D:6      | Found a transporter.
  6369 | D:6      | 6369 ||| READING 2 scrolls labelled WUSSUT KIDY.
  6527 | D:6      | 6527 ||| READING 2 scrolls of identify.
  6527 | D:6      | 6527 ||| IDENTIFYING cyan potion
  6528 | D:6      | 6528 ||| DROPPING scroll of torment.
  6595 | D:7      | Noticed a komodo dragon
  6596 | D:7      | 6596 ||| INVOKING Berserk.
  6602 | D:7      | Killed a komodo dragon
  6603 | D:7      | Reached skill level 12 in Axes
  6749 | D:7      | 6749 ||| Stepping ~*~*~tactically~*~*~ (stealth).
  6849 | D:7      | 6849 ||| Stepping ~*~*~tactically~*~*~ (stealth).
  6851 | D:7      | 6851 ||| Stepping ~*~*~tactically~*~*~ (stealth).
  6860 | D:7      | 6860 ||| Stepping ~*~*~tactically~*~*~ (stealth).
  6861 | D:7      | 6861 ||| Stepping ~*~*~tactically~*~*~ (stealth).
  6868 | D:7      | Reached skill level 7 in Fighting
  6942 | D:7      | Reached XP level 9. HP: 56/79 MP: 8/8
  7112 | D:7      | 7112 ||| READING 2 scrolls of enchant weapon.
  7112 | D:7      | 7112 ||| ENCHANTING +1 hand axe of electrocution.
  7113 | D:7      | 7113 ||| READING scroll of enchant weapon.
  7113 | D:7      | 7113 ||| ENCHANTING +2 hand axe of electrocution.
  7187 | D:7      | 7187 ||| INVOKING Berserk.
  7295 | D:7      | 7295 ||| Stepping ~*~*~tactically~*~*~ (hiding).
  7298 | D:7      | 7298 ||| INVOKING Berserk.
  7446 | D:7      | Reached *** piety under Trog
  7500 | D:7      | 7500 ||| Stepping ~*~*~tactically~*~*~ (hiding).
  7508 | D:7      | Reached skill level 3 in Dodging
  7513 | D:7      | 7513 ||| READING scroll of enchant armour.
  7513 | D:7      | 7513 ||| ENCHANTING +0 pair of boots.
  7543 | D:7      | 7543 ||| Stepping ~*~*~tactically~*~*~ (hiding).
  7665 | D:7      | Noticed a troll
  7667 | D:7      | 7667 ||| INVOKING Berserk.
  7674 | D:7      | Killed a troll
  7675 | D:7      | Reached skill level 8 in Fighting
  7795 | D:7      | Noticed a cyclops
  7797 | D:7      | 7797 ||| INVOKING Berserk.
  7801 | D:7      | Killed a cyclops
  8150 | D:7      | 8150 ||| DRINKING 2 purple potions.
  8151 | D:7      | 8151 ||| READING 4 scrolls of identify.
  8151 | D:7      | 8151 ||| IDENTIFYING green potion
  8152 | D:7      | 8152 ||| READING 3 scrolls of identify.
  8152 | D:7      | 8152 ||| IDENTIFYING murky sapphire potion
  8153 | D:7      | 8153 ||| READING 2 scrolls of identify.
  8153 | D:7      | 8153 ||| IDENTIFYING orange potion
  8154 | D:7      | 8154 ||| DROPPING potion of attraction.
  8155 | D:7      | 8155 ||| DROPPING potion of flight.
  8156 | D:7      | 8156 ||| DROPPING potion of berserk rage.
  8355 | D:8      | Identified the +6 mace of the Moth {drain, rElec}
  8581 | D:8      | 8581 ||| INVOKING Berserk.
  8692 | D:8      | Noticed a two-headed ogre
  8697 | D:8      | 8697 ||| INVOKING Berserk.
  8704 | D:8      | Killed a two-headed ogre
  8705 | D:8      | Reached XP level 10. HP: 90/90 MP: 9/9
  8796 | D:8      | Found a staircase to the Lair.
  8917 | D:8      | 8917 ||| PLANNING LAIR
  8917 | D:8      | 8917 ||| UPGRADING to +6 ring of dexterity.
  8950 | Lair:1   | Entered Level 1 of the Lair of Beasts
  9001 | Lair:1   | Found a burning altar of Makhleb.
  9039 | Lair:1   | 9039 ||| INVOKING Berserk.
  9044 | Lair:1   | Reached skill level 9 in Fighting
  9066 | Lair:1   | Reached skill level 10 in Fighting
  9185 | Lair:1   | Noticed a black mamba
  9187 | Lair:1   | 9187 ||| Stepping ~*~*~tactically~*~*~ (stealth).
  9188 | Lair:1   | 9188 ||| INVOKING Berserk.
  9190 | Lair:1   | Killed a black mamba
  9191 | Lair:1   | Reached skill level 6 in Dodging
  9390 | Lair:1   | 9390 ||| INVOKING Berserk.
  9409 | Lair:1   | Noticed a black mamba
  9410 | Lair:1   | 9410 ||| Stepping ~*~*~tactically~*~*~ (stealth).
  9419 | Lair:1   | Killed a black mamba
  9628 | Lair:1   | Noticed a cane toad
  9632 | Lair:1   | 9632 ||| INVOKING Berserk.
  9637 | Lair:1   | Killed a cane toad
  9638 | Lair:1   | Reached skill level 11 in Fighting
  9809 | Lair:1   | Identified the +10 whip "Sot Mecs" {spect, +Blink rF+++ rN+
                  | Str-2}
 10260 | Lair:1   | Noticed a torpor snail
 10265 | Lair:1   | 10265 ||| INVOKING Berserk.
 10269 | Lair:1   | Killed a torpor snail
 10404 | Lair:1   | Noticed a death yak
 10404 | Lair:1   | Noticed a death yak
 10409 | Lair:1   | 10409 ||| INVOKING Berserk.
 10413 | Lair:1   | Killed a death yak
 10414 | Lair:1   | Reached skill level 9 in Armour
 10414 | Lair:1   | Reached XP level 11. HP: 102/102 MP: 10/10
 10417 | Lair:1   | Killed a death yak
 10611 | Lair:1   | 10611 ||| UPGRADING to ring of protection from fire.
 10613 | Lair:1   | 10613 ||| DROPPING ring of magical power.
 10614 | Lair:1   | 10614 ||| READING 4 scrolls of identify.
 10614 | Lair:1   | 10614 ||| IDENTIFYING emerald potion
 10674 | Lair:2   | 10674 ||| INVOKING Berserk.
 10687 | Lair:2   | Reached skill level 12 in Fighting
 10696 | Lair:2   | 10696 ||| FLEEEEING.
 10699 | Lair:2   | 10699 ||| STAIRDANCE
 10871 | Lair:2   | 10871 ||| Stepping ~*~*~tactically~*~*~ (stealth).
 10910 | Lair:2   | Identified the +8 long sword of Dissolution {flame, Str+2}
 10923 | Lair:2   | Noticed a bog body
 10924 | Lair:2   | 10924 ||| Stepping ~*~*~tactically~*~*~ (hiding).
 10930 | Lair:2   | Noticed a bog body
 10931 | Lair:2   | 10931 ||| INVOKING Berserk.
 10937 | Lair:2   | Killed a bog body
 10938 | Lair:2   | Reached skill level 13 in Fighting
 10942 | Lair:2   | Killed a bog body
 10948 | Lair:2   | Noticed a bog body
 10949 | Lair:2   | 10949 ||| Stepping ~*~*~tactically~*~*~ (stealth).
 10969 | Lair:2   | 10969 ||| FLEEEEING.
 10980 | Lair:2   | Killed a bog body
 10995 | Lair:2   | 10995 ||| FLEEEEING.
 11175 | Lair:2   | Found a staircase to the Swamp.
 11176 | Lair:2   | 11176 ||| FLEEEEING.
 11177 | Lair:2   | 11177 ||| FLEEEEING.
 11244 | Lair:2   | 11244 ||| INVOKING Berserk.
 11459 | Lair:2   | 11459 ||| Stepping ~*~*~tactically~*~*~ (stealth).
 11472 | Lair:2   | 11472 ||| INVOKING Berserk.
 11549 | Lair:2   | 11549 ||| INVOKING Berserk.
 11558 | Lair:2   | Reached skill level 14 in Fighting
 11577 | Lair:2   | 11577 ||| FLEEEEING.
 11581 | Lair:2   | 11581 ||| STAIRDANCE
 11683 | Lair:1   | 11683 ||| DROPPING amulet of guardian spirit.
 11684 | Lair:1   | 11684 ||| UPGRADING to +6 ring of strength.
 11686 | Lair:1   | 11686 ||| DROPPING +6 ring of dexterity.
 11767 | Lair:2   | 11767 ||| INVOKING Berserk.
 12330 | Lair:2   | Noticed a four-headed hydra
 12334 | Lair:2   | 12334 ||| SWAPPING to +0 morningstar of venom.
 12335 | Lair:2   | 12335 ||| INVOKING Berserk.
 12339 | Lair:2   | Killed a four-headed hydra
 12353 | Lair:2   | 12353 ||| SWAPPING to +3 hand axe of electrocution.
 12567 | Lair:2   | 12567 ||| UPGRADING to +0 plate armour.
 12577 | Lair:2   | 12577 ||| DROPPING +0 chain mail.
 12578 | Lair:2   | 12578 ||| DROPPING ring of resist corrosion.
 12579 | Lair:2   | 12579 ||| READING scroll labelled RAP DOPRAUNO.
 12580 | Lair:2   | 12580 ||| READING scroll labelled JORAKANOEL.
 12745 | Lair:3   | Found a hole to the Spider Nest.
 12842 | Lair:3   | 12842 ||| INVOKING Berserk.
 13001 | Lair:3   | 13001 ||| INVOKING Berserk.
 13151 | Lair:3   | Noticed a five-headed hydra
 13156 | Lair:3   | 13156 ||| SWAPPING to +0 morningstar of venom.
 13158 | Lair:3   | 13158 ||| INVOKING Berserk.
 13163 | Lair:3   | Killed a five-headed hydra
 13164 | Lair:3   | Reached skill level 12 in Armour
 13164 | Lair:3   | Reached XP level 12. HP: 117/117 MP: 11/11
 13206 | Lair:3   | 13206 ||| SWAPPING to +3 hand axe of electrocution.
 13397 | Lair:3   | You fall into a shaft and drop 2 floors!
 13397 | Lair:5   | Entered Level 5 of the Lair of Beasts
 13405 | Lair:5   | 13405 ||| Stepping ~*~*~tactically~*~*~ (hiding).
 13406 | Lair:5   | 13406 ||| Stepping ~*~*~tactically~*~*~ (hiding).
 13504 | Lair:5   | Noticed an eight-headed hydra
 13505 | Lair:5   | 13505 ||| SWAPPING to +0 morningstar of venom.
 13506 | Lair:5   | 13506 ||| INVOKING Berserk.
 13510 | Lair:5   | Killed an eight-headed hydra
 13545 | Lair:5   | 13545 ||| SWAPPING to +3 hand axe of electrocution.
 13570 | Lair:5   | Noticed a boulder beetle
 13578 | Lair:5   | 13578 ||| INVOKING Berserk.
 13591 | Lair:5   | Killed a boulder beetle
 13704 | Lair:5   | Found a dark tunnel.
 13733 | Lair:5   | 13733 ||| INVOKING Berserk.
 13750 | Lair:5   | Reached skill level 15 in Fighting
 13873 | Lair:5   | 13873 ||| Stepping ~*~*~tactically~*~*~ (stealth).
 13875 | Lair:5   | 13875 ||| Stepping ~*~*~tactically~*~*~ (stealth).
 13878 | Lair:5   | 13878 ||| Stepping ~*~*~tactically~*~*~ (stealth).
 13950 | Lair:5   | 13950 ||| Stepping ~*~*~tactically~*~*~ (stealth).
 13951 | Lair:5   | 13951 ||| DROPPING ring of flight.
 13953 | Lair:5   | 13953 ||| Stepping ~*~*~tactically~*~*~ (stealth).
 13954 | Lair:5   | 13954 ||| INVOKING Berserk.
 13968 | Lair:5   | Noticed a seven-headed hydra
 13974 | Lair:5   | 13974 ||| SWAPPING to +0 morningstar of venom.
 13975 | Lair:5   | 13975 ||| Stepping ~*~*~tactically~*~*~ (outnumbered).
 13976 | Lair:5   | 13976 ||| Stepping ~*~*~tactically~*~*~ (outnumbered).
 13977 | Lair:5   | 13977 ||| SWAPPING to +3 hand axe of electrocution.
 13979 | Lair:5   | 13979 ||| SWAPPING to +0 morningstar of venom.
 13985 | Lair:5   | HP: 26/121 [seven-headed hydra (9)]
 13986 | Lair:5   | 13986 ||| READING 10 scrolls of teleportation.
 13986 | Lair:5   | HP: 10/121 [seven-headed hydra (3)]
 13986 | Lair:5   | HP: 3/121 [seven-headed hydra (7)]
 13986 | Lair:5   | Slain by a seven-headed hydra

Levels and vault maps discovered:
D:1:      dpeg_arrival_long_road, layout_loops_cross,
          hellmonk_ecumenical_altar_dog_temple, minmay_misc_feat_doors
D:2:      layout_basic, minivault_4, st_stairs_14, minmay_surrounded,
          uniq_jessica
D:3:      layout_basic
D:4:      layout_basic, kennysheep_small_square
D:5:      layout_cave_pools, minmay_temple_entry_overgrown,
          nicolae_stop_n_shop_2
D:6:      layout_basic, gammafunk_temple_overflow_arena,
          minmay_a_box_with_orc_wizards_in_it
D:7:      layout_gridville, roderic_batcave, kb_rosetta
D:8:      layout_basic, lair_entry_dummy
Lair:1:   layout_cave_pods, basic_altar, chequers_serial_rivers_room_a,
          grunt_megastairs_2
Lair:2:   layout_cave_pods, nicolae_swamp_entry_splash_gauntlet
Lair:3:   layout_cave_pods, spider_nest_entry_webs
Lair:5:   grunt_lair_end_beastmaster, layout_cave_pods,
          nicolae_volcano_entry_s_turn

Skill      XL: |  1  2  3  4  5  6  7  8  9 10 11 12 |
---------------+-------------------------------------+-----
Axes           | 4 5 6 7 8 9 10 12 14 | 14.0
Fighting       | 4 5 6 7 8 11 14 15 | 15.3
Armour         | 4 7 9 12 13 | 13.1
Dodging        | 3 6 7 |  7.0

Action                   |  1- 3 |  4- 6 |  7- 9 | 10-12 || total
-------------------------+-------+-------+-------+-------++-------
Melee: Hand axe          |    76 |    96 |   192 |   255 ||   619
       Headbutt          |     8 |    15 |    32 |    61 ||   116
       Punch             |       |     1 |     2 |     2 ||     5
       Morningstar       |       |       |       |    19 ||    19
Invok: Berserk           |     1 |     3 |    13 |    20 ||    37
  Use: Scroll            |       |     9 |     9 |     4 ||    22
       Potion            |       |     2 |     2 |       ||     4
Armor: Animal skin       |    17 |       |       |       ||    17
       Scale mail        |     6 |    20 |     8 |       ||    34
       Chain mail        |       |       |    41 |    25 ||    66
       Plate armour      |       |       |       |    54 ||    54
Dodge: Dodged            |    28 |    48 |    72 |   117 ||   265
Block: Other             |       |       |    18 |    39 ||    57
       Reflection        |       |       |     1 |       ||     1

Table legend:
 A = Non-vault XP
 B = Vault XP
 C = Vault XP percentage of total XP
 D = Non-vault monster count
 E = Vault monster count
 F = Vault count percentage of total count
                 A         B        C        D         E       F
            +---------+---------+-------+---------+---------+-------
      Total |   25001 |    4913 |  16.4 |     185 |      34 |  15.5
            +---------+---------+-------+---------+---------+-------
        D:1 |      29 |       8 |  21.6 |      17 |       4 |  19.0
        D:2 |      39 |      44 |  53.0 |      13 |       6 |  31.6
        D:3 |      19 |       0 |   0.0 |      12 |       0 |   0.0
        D:4 |     475 |      35 |   6.9 |      17 |       1 |   5.6
        D:5 |     597 |       0 |   0.0 |       9 |       0 |   0.0
        D:6 |     597 |      33 |   5.2 |      18 |       1 |   5.3
        D:7 |    1381 |    1412 |  50.6 |      27 |      12 |  30.8
        D:8 |    1254 |       0 |   0.0 |       8 |       0 |   0.0
     Lair:1 |    5929 |     741 |  11.1 |      18 |       3 |  14.3
     Lair:2 |    5408 |    2456 |  31.2 |      23 |       6 |  20.7
     Lair:3 |    1649 |     184 |  10.0 |       3 |       1 |  25.0
     Lair:5 |    7624 |       0 |   0.0 |      20 |       0 |   0.0
            +---------+---------+-------+---------+---------+-------
